 Dungeon Crawl Stone Soup version 0.28-a0-1374-ga75cb3825e (webtiles) character file.

Game seed: 7540004685905600978

20227 bjtr the Destroyer (level 13, -5/93 HPs)
             Began as a Human Conjurer on Dec 15, 2021.
             Was an Elder of Vehumet.
             Shot with an arrow by a centaur warrior (17 damage)
             ... on level 14 of the Dungeon on Jan 1, 2022.
             The game lasted 01:31:58 (17719 turns).

bjtr the Destroyer (Human Conjurer)                Turns: 17719, Time: 01:31:58

Health: -5/93      AC: 18    Str:  8    XL:     13   Next: 10%
Magic:  27/27      EV: 26    Int: 27    God:    Vehumet [****..]
Gold:   865        SH:  0    Dex:  9    Spells: 11/32 levels left

rFire   + . .      SeeInvis +   a - +4 scimitar (holy)
rCold   . . .      Faith    .   (no shield)
rNeg    . . .      Spirit   .   F - +3 ring mail {rPois}
rPois   +          Reflect  .   e - +2 helmet {Int+3}
rElec   +          Harm     .   m - +0 cloak
rCorr   .          Rampage  .   r - +2 pair of gloves
Will    +....                   H - +1 pair of boots
Stlth   ++........              G - amulet of the acrobat
HPRegen 0.25/turn               g - ring of protection from fire
MPRegen 0.20/turn               C - ring of Contentment {rElec Will+ Dex-2 SInv Stlth+}

@: acrobatic, hasted (expiring), very quick
A: no striking features
a: Renounce Religion


You were on level 14 of the Dungeon.
You worshipped Vehumet.
Vehumet was greatly pleased with you.
You visited 2 branches of the dungeon, and saw 14 of its levels.
You also visited: Ossuary.

You collected 865 gold pieces.

Inventory:

Hand Weapons
 a - a +4 scimitar of holy wrath (weapon)
 b - a +0 hand crossbow
 k - a +2 spear of venom
 o - a +5 spear
 B - a +0 flail
 O - a +1 vorpal morningstar
 X - a +0 war axe
 Y - a +0 dire flail
Missiles
 q - 254 stones
 E - 4 silver javelins
 J - 2 throwing nets
 K - 8 javelins
 L - 124 bolts
 N - a curare-tipped dart
Armour
 e - a +2 helmet of intelligence (worn)
 m - a +0 cloak (worn)
 r - a +2 pair of gloves (worn)
 x - +0 steam dragon scales
 F - a +3 ring mail of poison resistance (worn)
 H - a +1 pair of boots (worn)
 S - a +0 troll leather armour
Jewellery
 c - a ring of resist corrosion
 d - an amulet of magic regeneration
 g - a ring of protection from fire (left hand)
 t - a ring of ice
 y - a ring of see invisible
 A - a ring of flight
 C - the ring of Contentment (right hand) {rElec Will+ Dex-2 SInv Stlth+}
   (You acquired it on level 4 of the Dungeon)

   [ring of willpower]

   Dex:       It affects your dexterity (-2).
   rElec:     It insulates you from electricity.
   SInv:      It lets you see invisible.
   Will:      It increases your willpower.
   Stlth:     It makes you more stealthy.
 G - an amulet of the acrobat (around neck)
 Z - an amulet of regeneration
Wands
 i - a wand of flame (16)
 n - a wand of mindburst (21)
 u - a wand of iceblast (8)
 P - a wand of acid (10)
Scrolls
 f - a scroll of fog
 h - 2 scrolls of enchant weapon
 Q - 3 scrolls of fear
 W - 2 scrolls of enchant armour
Potions
 j - 2 potions of magic
 l - 4 potions of might
 p - 3 potions of mutation
 s - 2 potions of heal wounds
 v - 4 potions of lignification
 w - a potion of flight
 z - 5 potions of cancellation
 D - 4 potions of brilliance
 M - 4 potions of curing
 R - 2 potions of ambrosia
 U - 2 potions of attraction
 V - a potion of resistance


   Skills:
 + Level 6.1 Fighting
 * Level 2.7 Armour
 + Level 6.9 Dodging
 + Level 2.2 Stealth
 + Level 10.3 Spellcasting
 + Level 12.3 Conjurations
 + Level 3.5 Hexes
 + Level 2.0 Translocations
 + Level 1.2 Transmutations
 + Level 1.4 Fire Magic
 + Level 2.1 Air Magic
 + Level 6.5 Earth Magic
 * Level 3.6 Poison Magic


You had 11 spell levels left.
You knew the following spells:

 Your Spells              Type           Power      Damage    Failure   Level
a - Magic Dart            Conj           100%       1d8       1%          1
b - Searing Ray           Conj           100%       2d8       1%          2
c - Slow                  Hex            100%       N/A       2%          1
d - Sandblast             Erth           98%        2d20      1%          1
e - Foxfire               Conj/Fire      100%       2x1d9     1%          1
f - Iskenderun's Mystic   Conj/Tloc      52%        2d11      1%          4
g - Passwall              Tmut/Erth      28%        N/A       3%          2
h - Lightning Bolt        Conj/Air       26%        1d42      4%          5
i - Olgreb's Toxic Radia  Pois           33%        N/A       7%          4

Your spell library contained the following spells:

 Spells                   Type           Power      Damage    Failure   Level
 Poisonous Vapours        Pois/Air       58%        N/A       1%          2
 Static Discharge         Conj/Air       52%        N/A       1%          2
 Dazzling Flash           Conj/Hex       100%       N/A       1%          3
 Stone Arrow              Conj/Erth      100%       3d13      1%          3
 Fulminant Prism          Conj/Hex       27%        3d14      1%          4
 Sting                    Tmut/Pois      100%       1d8       4%          1
 Confusing Touch          Hex            33%        N/A       9%          3
 Portal Projectile        Hex/Tloc       58%        N/A       11%         3
 Summon Guardian Golem    Hex/Summ       23%        N/A       17%         3
 Yara's Violent Unravell  Hex/Tmut       13%        3d7       30%         5
 Blade Hands              Tmut           10%        N/A       90%         5
 Excruciating Wounds      Necr           6%         N/A       97%         5
 Discord                  Hex            16%        N/A       100%        8
 Maxwell's Capacitive Co  Air            12%        ∞         100%        8


Dungeon Overview and Level Annotations

Branches:
Dungeon (12/15)            Temple (1/1) D:5            Lair (0/6) D:10
    Orc (0/2) D:9         Ossuary (visited)

Altars:
Ashenzari
Cheibriados
Dithmenos
Elyvilon
Fedhas
Gozag
Hepliaklqana
Kikubaaqudgha
Makhleb
Nemelex Xobeh
Okawaru
Qazlal
Ru
Sif Muna
Trog
Uskayaw
Vehumet
Wu Jian
Xom
Yredelemnul
Zin
The Shining One

Shops:
D:1 !

Annotations:
D:10 Erolcha


Message History

The brown ugly thing basks in the mutagenic energy from its kin and changes!
The centaur shoots an arrow.
The arrow hits you but does no damage.
The centaur wields a +0 shortbow.
The centaur shoots an arrow.
The arrow hits you.
The brown ugly thing gurgles horribly!
The centaur warrior wields a +0 longbow.
The centaur warrior shoots an arrow.
The arrow misses you.
The six-headed hydra bites you but does no damage.
The six-headed hydra bites you.
The six-headed hydra barely misses you. x2
The six-headed hydra completely misses you. x2
The brown ugly thing trunk-slaps you!
You are splashed with acid!
A green ugly thing comes into view.
You see here a ring of ice.
The centaur shoots an arrow.
The arrow closely misses you.
The centaur shoots an arrow.
The arrow misses you.
The green ugly thing basks in the mutagenic energy from its kin and changes!
The cyclops throws a large rock.
The large rock closely misses you.
The brown ugly thing basks in the mutagenic energy from its kin and changes!
You see here 13 gold pieces.
The brown ugly thing basks in the mutagenic energy from its kin and changes!
The centaur shoots an arrow.
The arrow barely misses you.
A centaur warrior comes into view.
The centaur shoots an arrow.
The arrow closely misses you.
The centaur warrior shouts!
The centaur warrior wields a +0 longbow.
The centaur warrior shoots an arrow.
The arrow hits you but does no damage.
The centaur warrior shoots an arrow.
The arrow misses you.
The centaur warrior shoots an arrow.
The arrow hits you!!
The centaur warrior shoots an arrow.
The arrow hits you!
* * * LOW HITPOINT WARNING * * *
You feel much better.
Your extra speed is starting to run out.
The centaur warrior shoots an arrow.
The arrow hits you!
* * * LOW HITPOINT WARNING * * *
The centaur warrior shoots an arrow.
The arrow hits you but does no damage.
The centaur warrior shoots an arrow.
The arrow hits you.
* * * LOW HITPOINT WARNING * * *
The centaur warrior shoots an arrow.
The arrow completely misses you.
The centaur warrior shoots an arrow.
The arrow hits you!
You die...

#########........
#D.......
#.c......
#c....c..
#u.......
#........
#........
#########........
#......@..#######
#########.# #.#
#.# #.# #.# ...
.#


You could see a centaur warrior.

Vanquished Creatures
  Josephine (D:11)
  A hydra (D:8)
  A boulder beetle (D:12)
  7 two-headed ogres
  Pikel (D:6)
  2 cyclopes (D:12)
  A manticore (D:9)
  Maggie (D:10)
  Psyche (D:10)
  A yaktaur (D:12)
  A kobold demonologist (D:12)
  A komodo dragon (D:11)
  A troll (D:11)
  A shadow (D:12)
  2 wyverns
  6 wraiths
  11 yaks
  Grum (D:8)
  2 basilisks (D:10)
  A steam dragon (D:8)
  6 vampire mosquitoes (D:12)
  2 water moccasins
  7 orc warriors
  4 sky beasts
  2 black bears (D:5)
  4 ogres
  4 centaurs
  4 wolves (D:8)
  A lemure (D:6)
  3 kobold brigands
  6 bullfrogs
  2 elf zombies (Ossuary)
  Blork the orc (D:6)
  2 gnoll sergeants
  5 scorpions
  2 water moccasin zombies (D:5)
  A wyvern zombie (D:7)
  A water moccasin skeleton (D:4)
  2 wyvern skeletons
  5 killer bees (D:8)
  8 wights (D:8)
  3 howler monkeys (D:11)
  4 bullfrog zombies (D:5)
  8 centaur zombies
  4 hounds
  2 orc priests
  A centaur skeleton (D:5)
  2 bullfrog skeletons
  A gnoll shaman (D:5)
  A scorpion zombie (D:5)
  2 iguanas
  7 orc wizards
  5 hound zombies
  6 hound skeletons
  4 mummies
  2 howler monkey zombies
  A howler monkey skeleton (D:5)
  14 gnolls
  10 adders
  3 shadow imps
  2 adder skeletons (D:4)
  4 adder zombies (Ossuary)
  A worm (D:2)
  A dart slug (D:3)
  32 orcs
  7 endoplasms
  4 giant cockroaches
  8 goblins
  13 hobgoblins
  7 jackals
  3 quokkas
  5 ball pythons
  5 bats
  2 frilled lizards
  4 goblin zombies
  5 hobgoblin zombies (Ossuary)
  3 jackal zombies (Ossuary)
  18 kobolds
  3 kobold zombies
  4 orc zombies (Ossuary)
  4 quokka zombies (Ossuary)
  6 rats
  3 rat zombies (Ossuary)
340 creatures vanquished.

Vanquished Creatures (others)
  30 foxfires
  A fungus (D:10)
  A plant (D:10)
  11 withered plants (D:5)
43 creatures vanquished.

Grand Total: 383 creatures vanquished

Notes
Turn   | Place    | Note
-------+----------+-------------------------------------------
     0 | D:1      | bjtr the Human Conjurer began the quest for the Orb.
     0 | D:1      | Reached XP level 1. HP: 13/13 MP: 3/3
    37 | D:1      | Got Bint's Tome of Execration
   244 | D:1      | Reached XP level 2. HP: 19/19 MP: 3/5
   247 | D:1      | Learned a level 2 spell: Searing Ray
   485 | D:1      | Found Oguison's Distillery.
  1076 | D:2      | Reached XP level 3. HP: 24/24 MP: 6/6
  1328 | D:2      | Reached skill level 5 in Conjurations
  1399 | D:2      | Upgraded the game from 0.28-a0-1152-g9c71ebef14 to
                  | 0.28-a0-1159-g27aa881441
  1424 | D:2      | Reached XP level 4. HP: 30/30 MP: 3/7
  1546 | D:2      | Learned a level 1 spell: Slow
  2155 | D:2      | Identified a scroll of acquirement
  2159 | D:2      | Acquired a +2 helmet of intelligence
  2460 | D:3      | Reached XP level 5. HP: 34/36 MP: 9/9
  2987 | D:3      | Found a faded altar of an unknown god.
  3009 | D:3      | Reached skill level 1 in Fighting
  3009 | D:3      | Reached skill level 6 in Conjurations
  3009 | D:3      | Reached XP level 6. HP: 43/43 MP: 1/11
  3228 | D:3      | Reached skill level 1 in Hexes
  3532 | D:4      | Reached XP level 7. HP: 43/48 MP: 6/13
  4096 | D:4      | Acquired the ring of Contentment {rElec Will+ Dex-2 SInv
                  | Stlth+}
  4500 | D:4      | Upgraded the game from 0.28-a0-1159-g27aa881441 to
                  | 0.28-a0-1374-ga75cb3825e
  4546 | D:5      | Entered Level 5 of the Dungeon
  4639 | D:5      | Reached skill level 5 in Spellcasting
  4639 | D:5      | Reached XP level 8. HP: 56/56 MP: 8/15
  4844 | D:5      | Reached skill level 7 in Conjurations
  5073 | D:5      | Found a bloodstained altar of Trog.
  5516 | D:5      | Noticed a wyvern
  5524 | D:5      | Killed a wyvern
  5525 | D:5      | Reached XP level 9. HP: 49/62 MP: 10/18
  5790 | D:5      | Found a staircase to the Ecumenical Temple.
  5813 | Temple   | Entered the Ecumenical Temple
  5850 | Temple   | Became a worshipper of Vehumet
  6065 | D:5      | Reached skill level 8 in Conjurations
  6211 | D:5      | Found a sacrificial altar of Ru.
  6212 | D:5      | Found a shimmering altar of Xom.
  6213 | D:5      | Found an opulent altar of Gozag.
  6535 | D:6      | Noticed Blork the orc
  6610 | D:6      | Reached skill level 1 in Earth Magic
  6731 | D:6      | Reached * piety under Vehumet
  6731 | D:6      | Offered knowledge of Freeze by Vehumet.
  6745 | D:6      | Found a sand-covered staircase.
  6794 | Ossuary  | Entered an ossuary
  6863 | Ossuary  | Learned a level 1 spell: Sandblast
  7154 | Ossuary  | Reached ** piety under Vehumet
  7154 | Ossuary  | Offered knowledge of Foxfire by Vehumet.
  7158 | Ossuary  | Learned a level 1 spell: Foxfire
  7501 | D:6      | Reached XP level 10. HP: 71/71 MP: 19/21
  7626 | D:6      | Noticed Pikel
  7639 | D:6      | Killed Pikel
  7640 | D:6      | Reached skill level 9 in Conjurations
  8093 | D:6      | Killed Blork the orc
  8816 | D:7      | Offered knowledge of Poisonous Vapours by Vehumet.
  8874 | D:7      | Noticed a two-headed ogre
  9328 | D:8      | Noticed a five-headed hydra
  9343 | D:8      | Reached *** piety under Vehumet
  9349 | D:8      | Killed a five-headed hydra
  9481 | D:8      | Noticed Grum
  9482 | D:8      | Reached skill level 10 in Conjurations
  9489 | D:8      | Killed Grum
  9490 | D:8      | Reached XP level 11. HP: 73/78 MP: 8/23
  9571 | D:8      | Noticed a two-headed ogre
  9581 | D:8      | Killed a two-headed ogre
  9582 | D:8      | Reached skill level 5 in Dodging
 10296 | D:8      | Offered knowledge of Hailstorm by Vehumet.
 10621 | D:8      | Learned a level 4 spell: Iskenderun's Mystic Blast
 10624 | D:8      | Learned a level 2 spell: Passwall
 10630 | D:8      | Learned a level 5 spell: Lightning Bolt
 11348 | D:9      | Noticed a two-headed ogre
 11363 | D:9      | Killed a two-headed ogre
 11364 | D:9      | Reached skill level 11 in Conjurations
 11364 | D:9      | Reached skill level 5 in Earth Magic
 11910 | D:9      | Found a staircase to the Orcish Mines.
 11937 | D:9      | Reached skill level 5 in Fighting
 11941 | D:9      | Reached skill level 1 in Fire Magic
 12104 | D:9      | Noticed a manticore
 12111 | D:9      | Killed a manticore
 12617 | D:6      | Killed a two-headed ogre
 12875 | D:7      | Reached skill level 1 in Air Magic
 12879 | D:7      | Reached **** piety under Vehumet
 13006 | D:10     | Entered Level 10 of the Dungeon
 13345 | D:10     | Noticed Psyche
 13350 | D:10     | Killed Psyche
 13351 | D:10     | Reached XP level 12. HP: 75/86 MP: 15/25
 13498 | D:10     | Found a staircase to the Lair.
 13766 | D:10     | Noticed a boulder beetle
 13834 | D:10     | Noticed Maggie
 13849 | D:10     | Killed Maggie
 13928 | D:10     | Noticed Erolcha
 13994 | D:10     | Offered knowledge of Olgreb's Toxic Radiance by Vehumet.
 14000 | D:10     | Learned a level 4 spell: Olgreb's Toxic Radiance
 14342 | D:10     | Noticed a two-headed ogre
 14343 | D:10     | Noticed a centaur warrior
 14346 | D:10     | Noticed a tengu warrior
 14348 | D:10     | Noticed a death knight
 14350 | D:10     | Killed a two-headed ogre
 14663 | D:11     | Noticed a two-headed ogre
 14671 | D:11     | Killed a two-headed ogre
 15029 | D:11     | Reached skill level 12 in Conjurations
 15237 | D:11     | Noticed a two-headed ogre
 15246 | D:11     | Killed a two-headed ogre
 15247 | D:11     | Reached skill level 1 in Poison Magic
 15555 | D:11     | Noticed Josephine
 15569 | D:11     | Reached skill level 1 in Transmutations
 15569 | D:11     | Killed Josephine
 15570 | D:11     | Reached skill level 1 in Armour
 15570 | D:11     | Reached skill level 10 in Spellcasting
 15659 | D:11     | Noticed a two-headed ogre
 15670 | D:11     | Killed a two-headed ogre
 15863 | D:11     | Found a stormy altar of Qazlal.
 15896 | D:11     | Reached skill level 1 in Translocations
 16910 | D:12     | Noticed a boulder beetle
 16923 | D:12     | Killed a boulder beetle
 16976 | D:12     | Reached XP level 13. HP: 81/93 MP: 11/27
 17684 | D:12     | You fall into a shaft and drop 2 floors!
 17684 | D:14     | Noticed a centaur warrior
 17692 | D:14     | Noticed a six-headed hydra
 17708 | D:14     | Noticed a centaur warrior
 17719 | D:14     | Shot with an arrow by a centaur warrior

Illustrated notes

Levels and vault maps discovered:
D:1:      dpeg_arrival_simpleton_a, layout_basic, serial_shops, shop
D:2:      layout_basic, minmay_pentomino_z4
D:3:      layout_rooms, hellmonk_ecumenical_altar_leap_of_faith
D:4:      minmay_chambers_of_threes, layout_cave_pools, chequers_jeans,
          solitary_fountain, chequers_serial_rivers_large_b, st_stairs_10,
          kennysheep_generic_room_13
D:5:      layout_loops_ring, trog_ov_bears_minmay,
          chequers_temple_overflow_statue_of_worship,
          minmay_temple_entry_mini_moons, serial_undead, serial_undead_b,
          serial_undead_c, serial_undead_c, serial_undead_d, serial_undead_c,
          serial_undead_b, serial_undead_f, nicolae_zen_rock_garden,
          minmay_misc_feat_iff, minmay_misc_feat_rugged, minmay_misc_feat_plants
D:6:      layout_loops_ring, nicolae_ossuary_entry_giza, moated_statue,
          uniq_blork_the_orc, uniq_pikel
D:7:      layout_basic, nicolae_fountain_basement
D:8:      layout_gridville, uniq_grum
D:9:      layout_long_grid, orc_0_dummy
D:10:     layout_irregular_city, david_lair_generic, minivault_28, uniq_psyche,
          uniq_maggie, uniq_erolcha
D:11:     layout_loops_ring, nicolae_qazlal_scattered_showers, uniq_josephine
D:12:     layout_irregular_city
D:14:     layout_small_grid, david_vaults_1, nicolae_burly_brawl, uniq_rupert
Temple:   compressed_dpeg_circular_temple

Skill      XL: |  1  2  3  4  5  6  7  8  9 10 11 12 13 |
---------------+----------------------------------------+-----
Conjurations   | 5 6 7 8 10 11 12 | 12.3
Spellcasting   | 3 4 5 6 7 8 9 10 | 10.3
Fighting       | 1 2 3 4 5 6 |  6.1
Hexes          | 1 2 3 |  3.5
Earth Magic    | 2 4 5 6 |  6.5
Dodging        | 3 4 5 6 |  6.9
Fire Magic     | 1 |  1.4
Air Magic      | 1 2 |  2.1
Poison Magic   | 2 3 |  3.6
Transmutations | 1 |  1.2
Armour         | 2 |  2.7
Translocations | 1 2 |  2.0
Stealth        | |  2.2

Action                   |  1- 3 |  4- 6 |  7- 9 | 10-12 | 13-15 || total
-------------------------+-------+-------+-------+-------+-------++-------
Melee: Spear             |    15 |    36 |   224 |    53 |       ||   328
       Unarmed           |     1 |       |       |       |       ||     1
       Scimitar          |       |       |       |    99 |     3 ||   102
 Cast: Magic Dart        |    21 |    20 |     6 |       |       ||    47
       Searing Ray       |     7 |    30 |    70 |   111 |    13 ||   231
       Slow              |       |    11 |     3 |       |       ||    14
       Sandblast         |       |       |     4 |     4 |       ||     8
       Foxfire           |       |       |       |    19 |       ||    19
       Lightning Bolt    |       |       |       |    14 |       ||    14
       Iskenderun's Myst |       |       |       |     6 |       ||     6
       Olgreb's Toxic Ra |       |       |       |     3 |     1 ||     4
       Passwall          |       |       |       |     3 |     1 ||     4
Evoke: Wand              |       |       |       |     1 |       ||     1
  Use: Scroll            |       |     8 |     9 |    11 |     1 ||    29
       Potion            |       |     4 |       |     1 |     3 ||     8
 Stab: Sleeping          |       |       |     1 |     2 |       ||     3
Armor: Robe              |     8 |    20 |       |       |       ||    28
       Ring mail         |       |     6 |   167 |   234 |    10 ||   417
Dodge: Dodged            |    12 |    41 |   222 |   411 |    44 ||   730

Table legend: (Time is in decaauts)
 A = Elapsed time spent in this place.
 B = Non-inter-level travel time spent in this place.
 C = Inter-level travel time spent in this place.
 D = Time resting spent in this place.
 E = Time spent auto-exploring this place.
 F = Levels seen in this place.
 G = Mean time per level.
                   A        B        C        D        E       F      G
               +--------+--------+--------+--------+--------+-----+--------+
         Total |  17780 |  17071 |    709 |   4976 |   8430 |  15 | 1185.3 |
       Dungeon |  16961 |  16289 |    672 |   4905 |   8030 |  13 | 1304.7 |
        Temple |    161 |    124 |     37 |      0 |    100 |   1 |  161.0 |
       Ossuary |    656 |    656 |      0 |     71 |    300 |   1 |  656.0 |
               +--------+--------+--------+--------+--------+-----+--------+

Top non-repeatable levels by time:
    D:11: 2160 daAuts
     D:8: 1892 daAuts
     D:5: 1793 daAuts
    D:10: 1656 daAuts
     D:2: 1506 daAuts
     D:6: 1491 daAuts
     D:9: 1332 daAuts
     D:4: 1218 daAuts
     D:7: 1178 daAuts
     D:1: 974 daAuts
    D:12: 899 daAuts
     D:3: 833 daAuts
 Ossuary: 656 daAuts
  Temple: 161 daAuts
    D:14: 24 daAuts
